 Dungeon Sprint DCSS version 0.31-a0-986-g5e6e4ef867 (webtiles) character file.

Game seed: 1538113107504222767

163 rocky1 the Ruffian (level 5, -3/33 HPs)
             Began as an Octopode Shapeshifter on Nov 17, 2023.
             Slain by a shadow (29 damage)
             ... in the Dungeon (Sprint III: "The Ten Rune Challenge").
             The game lasted 00:01:22 (609 turns).

rocky1 the Ruffian (Octopode Shapeshifter)           Turns: 609, Time: 00:01:23

Health: -3/33      AC:  3    Str: 14    XL:     5   Next: 44%
Magic:  5/5        EV: 14    Int: 12    God:
Gold:   32         SH:  0    Dex: 13    Spells: 4/4 levels left

rFire   . .          .
                       - Unarmed
rCold   . . .        (no shield)
rNeg    . . .        (helmet currently unavailable)
rPois   .            (no amulet)
rElec   +            (no ring)
rCorr   .            (no ring)
SInv    .            (no ring)
Will    .....        (no ring)
Stlth   ++++         (no ring)
HPRegen 0.25/turn    (no ring)
MPRegen 0.09/turn    (no ring)
                     (no ring)

%: no teleportation
@: beast-form
A: beast (slay +4), almost no armour, amphibious, 8 rings, camouflage 1,
gelatinous body 1, (nimble swimmer 1), tentacles, iridescent scales 1,
deterioration 1, electricity resistance, wild magic 1
a: Begin Untransformation


You were in the Dungeon.
You were a hulking beast.
You visited 1 branch You collected 32 gold pieces.

Inventory:

Talismans
 b - a beast talisman
 c - a flux talisman
Scrolls
 i - a scroll of blinking
 k - a scroll of immolation {unknown}
 l - 2 scrolls of identify {unknown}
 m - a scroll of torment {unknown}
Potions
 a - a potion of lignification
 d - a potion of curing
 e - a potion of heal wounds
 f - 2 potions of haste
 g - 2 potions of magic
 h - a potion of berserk rage
 j - 2 potions of mutation
 n - 2 potions of enlightenment


   Skills:
 + Level 1.5 Fighting
 + Level 3.4 Dodging
 + Level 4.5 Stealth
 + Level 7.2 Unarmed Combat
 + Level 7.0 Shapeshifting


You had 4 spell levels left.
You didn't know any spells.
Your spell library was empty.

Dungeon Overview and Level Annotations

Branches:
Dungeon (1/1)

Altars:


Innate Abilities, Weirdness & Mutations

You are a hulking beast.
Your limbs bulge with bestial killing power. (Slay +4)
You cannot wear most types of armour.
You are amphibious.
You can wear up to eight rings at the same time.
Your skin changes colour to match your surroundings (Stealth+).
Your rubbery body absorbs attacks. (AC +1, EV +1)
((You are camouflaged when in or above water. (Stealth+)))
You have tentacles for arms and can constrict up to eight enemies at once.
You are partially covered in iridescent scales. (AC +2)
Your body sometimes deteriorates upon taking damage.
You are resistant to electric shocks. (rElec)
Your spells are a little harder to cast, but a little more powerful.


Message History

There is a fountain of clear blue water here.
You open the door.
A jelly comes into view.
The jelly quivers.
You tentacle-slap the jelly.
Your tentacles burn!
The jelly is moderately wounded.
The jelly hits you but does no damage.
You tentacle-slap the jelly but do no damage.
Your tentacles burn!
Your body deteriorates!
You feel weakened.
You tentacle-slap the jelly.
The jelly is severely wounded.
The jelly closely misses you.
You tentacle-slap the jelly.
Your tentacles burn!
You squeeze the jelly.
You kill the jelly!
You feel your strength returning.
Your Stealth skill increases to level 4!
Your Unarmed Combat skill increases to level 7!
Your Shapeshifting skill increases to level 7!
You close the door.
You start resting.
HP restored.
You start waiting.
Done waiting.
You open the door.
A shadow comes into view.
There is an open door here.
The helpless shadow fails to defend itself.
You tentacle-slap the shadow.
The shadow is lightly damaged.
The shadow hits you!
You bludgeon the shadow!
The shadow is heavily damaged.
The shadow slips into darkness.
The shadow flickers and vanishes!
Deactivating autopickup; reactivate with Ctrl-A.
You barely miss something. You squeeze something.
The shadow strikes at you from the darkness!
Ouch! That really hurt!
You die...

▓▓▓ # ##.# #####..#
.#..#..#
.#..#..###+#+###+##
.##'#..#..........#
.###...'.⌠........#
####...#...######'#
###....#.⌠.# #{h.#
##.....#...# #...#
#......#+### #...#
.#..)..# #...+
###....# +...#
▓▓▓▓▓▓ ▓▓▓▓▓


There were no monsters in sight!

Vanquished Creatures
  A water elemental (D)
  A jelly (D)
  Crazy Yiuf (D)
  Jessica (D)
  A human (D)
  An endoplasm (D)
  2 rats (D)
8 creatures vanquished.

Notes
Turn   | Place    | Note
-------+----------+-------------------------------------------
     0 | D        | rocky1 the Octopode Shapeshifter began the quest for the
                  | Orb.
     0 | D        | Reached XP level 1. HP: 13/13 MP: 1/1
    21 | D        | Noticed Jessica
    25 | D        | Killed Jessica
    26 | D        | Reached skill level 1 in Stealth
    26 | D        | Reached XP level 2. HP: 16/18 MP: 2/2
    26 | D        | Reached XP level 3. HP: 21/23 MP: 3/3
    65 | D        | Reached skill level 5 in Unarmed Combat
    65 | D        | Reached skill level 5 in Shapeshifting
    93 | D        | Noticed Crazy Yiuf
    99 | D        | Killed Crazy Yiuf
   100 | D        | Reached XP level 4. HP: 21/28 MP: 4/4
   227 | D        | Gained mutation: One of your tentacles bears a spike.
                  | [potion of mutation]
   227 | D        | Gained mutation: You sometimes lose your temper in combat.
                  | [potion of mutation]
   228 | D        | Lost mutation: You sometimes lose your temper in combat.
                  | [potion of mutation]
   228 | D        | Lost mutation: One of your tentacles bears a spike. [potion
                  | of mutation]
   228 | D        | Gained mutation: Your body sometimes deteriorates upon
                  | taking damage. [potion of mutation]
   228 | D        | Gained mutation: You are partially covered in iridescent
                  | scales. (AC +2) [potion of mutation]
   228 | D        | Gained mutation: You are resistant to electric shocks.
                  | (rElec) [potion of mutation]
   228 | D        | Gained mutation: Your spells are a little harder to cast,
                  | but a little more powerful. [potion of mutation]
   231 | D        | Noticed a water elemental
   240 | D        | Killed a water elemental
   241 | D        | Reached XP level 5. HP: 20/33 MP: 5/5
   605 | D        | Noticed a shadow
   609 | D        | Slain by a shadow

Illustrated notes

Levels and vault maps discovered:
D:        dungeon_sprint_mu [sprint_mu_entry_cave, sprint_mu_temple_rooms,
          sprint_mu_d1_spiders, sprint_mu_d2_genie, sprint_mu_d3_branching,
          sprint_mu_orc_legion, sprint_mu_elf_gauntlet, sprint_mu_hive_nellie,
          sprint_mu_lair_fedhas, sprint_mu_vaults_butterflies,
          sprint_mu_slime_circle, sprint_mu_swamp_cave, sprint_mu_shoals_archi,
          sprint_mu_blade_basic, sprint_mu_crypt_chambers,
          sprint_mu_tomb_spiral, sprint_mu_vestibule_basic,
          sprint_mu_gehenna_hellfire, sprint_mu_dis_giant,
          sprint_mu_tartarus_statrot, sprint_mu_cocytus_islands, sprint_mu_zot1]

Skill      XL: |  1  2  3  4  5 |
---------------+----------------+-----
Stealth        | 1 2 3 4 |  4.5
Unarmed Combat | 4 5 6 7 |  7.2
Shapeshifting  | 4 5 6 7 |  7.0
Dodging        | 3 |  3.4
Fighting       | |  1.5

Action                     |  1- 3 |  4- 6 || total
---------------------------+-------+-------++-------
  Melee: Unarmed           |    13 |    12 ||    25
         Punch             |     1 |     1 ||     2
         Tentacles         |     2 |     3 ||     5
         Constrict         |     2 |       ||     2
    Use: Potion            |       |     2 ||     2
   Stab: Sleeping          |     3 |     2 ||     5
 Armour: Skin              |     5 |     5 ||    10
  Dodge: Dodged            |     4 |     4 ||     8

Table legend: (Time is in decaauts)
 A = Elapsed time spent in this place.
 B = Non-inter-level travel time spent in this place.
 C = Inter-level travel time spent in this place.
 D = Time resting spent in this place.
 E = Time spent auto-exploring this place.
 F = Levels seen in this place.
 G = Mean time per level.
                   A        B        C        D        E       F      G
               +--------+--------+--------+--------+--------+-----+--------+
         Total |    612 |    612 |      0 |    475 |     14 |   1 |  612.0 |
       Dungeon |    612 |    612 |      0 |    475 |     14 |   1 |  612.0 |
               +--------+--------+--------+--------+--------+-----+--------+

Top non-repeatable levels by time:
       D: 612 daAuts
